 Dungeon Sprint DCSS version 0.28.0-53-g5a82cb258f (webtiles) character file.

Game seed: 5162944164509846432

8605 bnorton916 the Brawler (level 11, 0/130 HPs)
             Began as a Troll Fighter on June 6, 2022.
             Was a High Priest of Okawaru.
             Succumbed to a killer bee's poison
             ... in the Dungeon (Sprint III: "The Ten Rune Challenge").
             The game lasted 00:08:29 (2521 turns).

bnorton916 the Brawler (Troll Fighter)              Turns: 2521, Time: 00:08:30

Health: 0/130      AC:  6    Str: 30    XL:     11   Next: 12%
Magic:  10/10      EV:  9    Int:  4    God:    Okawaru [*****.]
Gold:   3182       SH: 10    Dex: 11    Spells: 10/10 levels left

rFire   . . .      SeeInvis .     - Unarmed
rCold   . . .      Faith    .   b - +0 kite shield
rNeg    . . .      Spirit   .   o - +2 robe {Archmagi}
rPois   .          Reflect  .   (helmet restricted)
rElec   .          Harm     .   (no cloak)
rCorr   .          Rampage  .   (gloves unavailable)
Will    .....      Archmagi +   (boots unavailable)
Stlth   +......... NoTele   +   (no amulet)
HPRegen 1.11/turn               (no ring)
MPRegen 0.12/turn               (no ring)

@: lethally poisoned (0 -> -4), hasted, slow
A: large, unfitting armour, claws 3, regeneration 1, shaggy fur 1, tough skin 1,
talons 2, agile 1
a: Renounce Religion, Heroism, Finesse


You were in the Dungeon.
You worshipped Okawaru.
Okawaru was extremely pleased with you.
You visited 1 branch You collected 3182 gold pieces.

Inventory:

Hand Weapons
 a - a +2 long sword of holy wrath
 h - a +1 great mace
Missiles
 i - 3 curare-tipped darts (quivered)
 n - 2 atropa-tipped darts
Armour
 b - a +0 kite shield (worn)
 e - a +1 robe of positive energy
 o - a +2 robe of the Archmagi (worn)
Scrolls
 j - 3 scrolls of identify
 k - 2 scrolls of holy word
Potions
 c - a potion of might
 d - a potion of curing
 g - 2 potions of magic
 l - 3 potions of flight
 m - 4 potions of mutation


   Skills:
 + Level 14.2 Fighting
 + Level 6.5 Throwing
 - Level 2.2 Armour
 - Level 4.0 Dodging
 - Level 10.0 Shields
 + Level 16.6 Unarmed Combat


You had 10 spell levels left.
You didn't know any spells.
Your spell library contained the following spells:

 Spells                   Type           Power      Damage    Failure   Level
 Freeze                   Ice            0%         1d3       71%         1
 Frozen Ramparts          Ice            0%         1d2       97%         3
 Hailstorm                Conj/Ice       0%         3d3       100%        4


Dungeon Overview and Level Annotations

Branches:
Dungeon (1/1)

Altars:
Cheibriados
Dithmenos
Elyvilon
Fedhas
Gozag
Hepliaklqana
Kikubaaqudgha
Makhleb
Nemelex Xobeh
Okawaru
Qazlal
Ru
Sif Muna
Trog
Uskayaw
Vehumet
Wu Jian
Xom
Yredelemnul
Zin
The Shining One
Beogh
Jiyva
Lugonu

Shops:
D (


Innate Abilities, Weirdness & Mutations

You are too large for most types of armour.
You have claws for hands.
Your natural rate of healing is unusually fast.
You are covered in fur. (AC +1)
You have tough skin. (AC +1)
You have razor-sharp toenails.
You are agile. (Dex +2)


Message History

You feel sick. You block the killer bee's attack.
The killer bee closely misses you. The killer bee stings you!
* * * LOW HITPOINT WARNING * * *
You feel sick. The killer bee closely misses you. The killer bee stings you!
* * * LOW HITPOINT WARNING * * *
Things that are here:
a +0 shortbow; 22 arrows You feel sick.
You block the killer bee's attack.
The killer bee stings you but does no damage.
There is an open door here.
You mangle the killer bee!!
You kill the killer bee!
Okawaru accepts your kill.
You feel sick.
You hear an angry buzzing noise. x2
Unknown command.
You feel sick.
You hear an angry buzzing noise.
You block the killer bee's attack. The killer bee stings you.
* * * LOW HITPOINT WARNING * * *
You feel yourself speed up.
You feel sick. You block the killer bee's attack.
You feel sick.
You are no longer poisoned.
You block the killer bee's attack. The killer bee closely misses you.
There is an open door here.
The killer bee closely misses you. You block the killer bee's attack.
The killer bee stings you but does no damage.
You block the killer bee's attack. You block the killer bee's attack.
The killer bee rages.
The killer bee stings you!
* * * LOW HITPOINT WARNING * * *
You are lethally poisoned!
The killer bee poisons you!
There is an open door, spattered with blood here.
You enter the shallow water.
Moving in this stuff is going to be slow.
You die...

#___#___#__#..##......')#...# e.
#...#__)#/_#.........##)#...##≈≈≈
###'#'###)##........###)#...≈≈≈ee
#....))....#........# #.#...##≈
'.⌠.)..)...#...##∩#.# #.'...#
#...######'#)#.####.# #######
#.⌠.#__#.))#+####################
#...#__#...#§.≈≈)')#y'yy.y)#.#y#†
#'###__#...#)#≈≈@#y#y#.).##y#.#.#
#.[.#__#...).#.§.#y#.#...#.#.#.#.
#___#__'...#.#...#.y.#...##.#.#.#
▓▓▓▓▓▓▓▓▓▓▓▓▓▓▓▓▓▓▓▓▓▓▓▓▓#.#.#.#.
##.#.#.# +.#.#.#. ##.#.#.# #+####


There were no monsters in sight!

Vanquished Creatures
  Josephine (D)
  A centaur warrior (D)
  2 orc high priests (D)
  2 deep elf knights (D)
  2 deep elf zephyrmancers (D)
  2 deep elf pyromancers (D)
  An orc knight (D)
  An orc sorcerer (D)
  A shadow (D)
  A spatial vortex (D)
  3 orc warriors (D)
  A necrophage (D)
  2 centaurs (D)
  An earth elemental (D)
  A water elemental (D)
  22 killer bees (D)
  A jelly (D)
  4 orc priests (D)
  A wizard (D)
  Jessica (D)
  A necromancer (D)
  3 orc wizards (D)
  3 humans (D)
  A kobold demonologist (D)
  A wolf (D)
  4 orcs (D)
  An endoplasm (D)
  2 rats (D)
67 creatures vanquished.

Vanquished Creatures (others)
  An unseen horror (D)
  A plant (D)
2 creatures vanquished.

Grand Total: 69 creatures vanquished

Notes
Turn   | Place    | Note
-------+----------+-------------------------------------------
     0 | D        | bnorton916 the Troll Fighter began the quest for the Orb.
     0 | D        | Reached XP level 1. HP: 22/22 MP: 0/0
   109 | D        | Noticed Jessica
   115 | D        | Killed Jessica
   116 | D        | Reached skill level 3 in Unarmed Combat
   116 | D        | Reached XP level 2. HP: 15/31 MP: 1/1
   116 | D        | Reached XP level 3. HP: 18/37 MP: 2/2
   242 | D        | Reached skill level 4 in Unarmed Combat
   425 | D        | Noticed a water elemental
   431 | D        | Killed a water elemental
   432 | D        | Reached skill level 5 in Unarmed Combat
   432 | D        | Reached XP level 4. HP: 47/49 MP: 3/3
   539 | D        | Found a hide-covered altar of Uskayaw.
   539 | D        | Found an iron altar of Okawaru.
   539 | D        | Found a bloodstained altar of Trog.
   539 | D        | Found an ornate altar of the Wu Jian Council.
   539 | D        | Noticed a human
   539 | D        | Noticed a human
   574 | D        | Killed a human
   575 | D        | Reached skill level 7 in Unarmed Combat
   575 | D        | Reached XP level 5. HP: 26/59 MP: 4/4
   575 | D        | Reached XP level 6. HP: 29/67 MP: 5/5
   598 | D        | Killed a human
   599 | D        | Reached skill level 8 in Unarmed Combat
   810 | D        | Became a worshipper of Warmaster Okawaru
   827 | D        | Found a basalt altar of Yredelemnul.
   827 | D        | Found a shadowy altar of Dithmenos.
   827 | D        | Found a sacrificial altar of Ru.
   839 | D        | Reached XP level 7. HP: 68/78 MP: 6/6
   852 | D        | Found a radiant altar of Vehumet.
   853 | D        | Found a shimmering blue altar of Sif Muna.
   853 | D        | Found an ancient bone altar of Kikubaaqudgha.
   886 | D        | Found a glowing silver altar of Zin.
   887 | D        | Found a glowing golden altar of the Shining One.
   887 | D        | Found a white marble altar of Elyvilon.
   887 | D        | Noticed a deep elf pyromancer
   904 | D        | Killed a deep elf pyromancer
   904 | D        | Reached * piety under Okawaru
   904 | D        | Reached ** piety under Okawaru
   905 | D        | Reached skill level 10 in Unarmed Combat
   964 | D        | Noticed a shadow
   967 | D        | Killed a shadow
   968 | D        | Reached XP level 8. HP: 92/92 MP: 7/7
  1098 | D        | Found a blossoming altar of Fedhas.
  1098 | D        | Found a stormy altar of Qazlal.
  1099 | D        | Found a snail-covered altar of Cheibriados.
  1099 | D        | Found a burning altar of Makhleb.
  1099 | D        | Found a hazy altar of Hepliaklqana.
  1099 | D        | Found a shimmering altar of Xom.
  1099 | D        | Found an opulent altar of Gozag.
  1099 | D        | Found a sparkling altar of Nemelex Xobeh.
  1099 | D        | Found a corrupted altar of Lugonu.
  1099 | D        | Found a viscous altar of Jiyva.
  1165 | D        | Noticed Josephine
  1182 | D        | Killed Josephine
  1182 | D        | Reached *** piety under Okawaru
  1183 | D        | Reached skill level 10 in Fighting
  1183 | D        | Reached skill level 10 in Shields
  1183 | D        | Reached skill level 11 in Unarmed Combat
  1195 | D        | Reached XP level 9. HP: 78/101 MP: 8/8
  1322 | D        | Noticed a centaur warrior
  1337 | D        | Killed a centaur warrior
  1337 | D        | Reached **** piety under Okawaru
  1338 | D        | Reached skill level 13 in Unarmed Combat
  1447 | D        | Killed an unseen horror
  1489 | D        | Noticed an orc knight
  1489 | D        | Noticed an orc sorcerer
  1558 | D        | Killed an orc knight
  1566 | D        | Reached skill level 14 in Unarmed Combat
  1750 | D        | Noticed an orc high priest
  1876 | D        | Noticed a smoke demon
  1877 | D        | Killed an orc high priest
  1877 | D        | Reached ***** piety under Okawaru
  1878 | D        | Reached XP level 10. HP: 114/118 MP: 9/9
  1918 | D        | Received a gift from Okawaru
  1999 | D        | Noticed an orc high priest
  2009 | D        | Killed an orc high priest
  2010 | D        | Reached skill level 15 in Unarmed Combat
  2013 | D        | Found Qontounnu's Weapon Boutique.
  2039 | D        | Noticed a deep elf knight
  2039 | D        | Noticed a deep elf zephyrmancer
  2039 | D        | Noticed a deep elf knight
  2039 | D        | Noticed a deep elf zephyrmancer
  2039 | D        | Noticed a deep elf pyromancer
  2050 | D        | Killed a deep elf zephyrmancer
  2054 | D        | Killed a deep elf zephyrmancer
  2056 | D        | Killed a deep elf knight
  2056 | D        | Received a gift from Okawaru
  2061 | D        | Killed a deep elf knight
  2062 | D        | Reached skill level 16 in Unarmed Combat
  2065 | D        | Killed a deep elf pyromancer
  2065 | D        | Received a gift from Okawaru
  2066 | D        | Reached skill level 5 in Throwing
  2240 | D        | Noticed a deep elf high priest
  2240 | D        | Noticed a deep elf annihilator
  2240 | D        | Identified the +11 great mace "Figutuimim" {vorpal, *Slow
                  | rPois Dex+3}
  2240 | D        | Noticed a deep elf demonologist
  2352 | D        | Paralysed by an orc sorcerer for 6 turns
  2358 | D        | Noticed a rust devil
  2360 | D        | Killed an orc sorcerer
  2428 | D        | Gained mutation: You have sharp toenails. [potion of
                  | mutation]
  2428 | D        | Gained mutation: You are agile. (Dex +2) [potion of
                  | mutation]
  2428 | D        | Gained mutation: You have razor-sharp toenails. [potion of
                  | mutation]
  2450 | D        | Reached XP level 11. HP: 119/130 MP: 10/10
  2520 | D        | HP: 2/130 [killer bee (13)]
  2521 | D        | Succumbed to a killer bee's poison

Illustrated notes

Levels and vault maps discovered:
D:        dungeon_sprint_mu [sprint_mu_entry_forest, sprint_mu_temple_rooms,
          sprint_mu_d1_horrors, sprint_mu_d2_genie, sprint_mu_d3_branching,
          sprint_mu_orc_legion, sprint_mu_elf_gauntlet, sprint_mu_hive_nellie,
          sprint_mu_lair_fedhas, sprint_mu_vaults_butterflies,
          sprint_mu_slime_circle, sprint_mu_swamp_cave, sprint_mu_snake_twists,
          sprint_mu_blade_basic, sprint_mu_crypt_lich, sprint_mu_tomb_spiral,
          sprint_mu_vestibule_basic, sprint_mu_gehenna_hellfire,
          sprint_mu_dis_giant, sprint_mu_tartarus_statrot,
          sprint_mu_cocytus_islands, sprint_mu_zot1]

Skill      XL: |  1  2  3  4  5  6  7  8  9 10 11 |
---------------+----------------------------------+-----
Fighting       | 3 4 6 7 9 10 12 14 | 14.2
Dodging        | 3 4 |  4.0
Shields        | 3 4 6 7 9 10 | 10.0
Unarmed Combat | 3 5 7 8 10 11 14 16 | 16.6
Armour         | 2 |  2.2
Throwing       | 5 6 |  6.5

Action                   |  1- 3 |  4- 6 |  7- 9 | 10-12 || total
-------------------------+-------+-------+-------+-------++-------
Melee: Unarmed           |    28 |    38 |   117 |    90 ||   273
       Kick              |       |       |       |     5 ||     5
  Use: Potion            |       |     1 |     1 |     3 ||     5
       Scroll            |       |       |     2 |       ||     2
 Stab: Sleeping          |       |       |     1 |       ||     1
Armor: Robe              |     1 |     3 |    19 |    12 ||    35
Dodge: Dodged            |     6 |     7 |    26 |    24 ||    63
Block: Kite shield       |    11 |    10 |    37 |    40 ||    98
